 Dungeon Crawl Stone Soup version 0.25.1-2-g60ff931df9 (webtiles) character file.

Game seed: 344346677751694070

323 Allula97 the Gusty (level 6, 0/34 HPs)
             Began as a Tengu Air Elementalist on Nov 18, 2020.
             Was a Follower of Vehumet.
             Slain by Grinder (6 damage)
             ... while paralysed by Grinder
             ... on level 4 of the Dungeon.
             The game lasted 00:24:35 (3194 turns).

Allula97 the Gusty (Tengu Air Elementalist)         Turns: 3194, Time: 00:24:35

Health: 0/34       AC:  3    Str:  9    XL:     6   Next: 47%
Magic:  0/11       EV:  2    Int: 17    God:    Vehumet [*.....]
Gold:   145        SH:  0    Dex: 14    Spells: 2/11 levels left

rFire    . . .     SeeInvis .   v - +0 quarterstaff
rCold    . . .     Gourm    .   (shield currently unavailable)
rNeg     . . .     Faith    .   a - +0 robe
rPois    .         Spirit   .   (helmet restricted)
rElec    .         Reflect  +   y - scarf {harm}
rCorr    .         Harm     +   l - +0 pair of gloves
MR       .....                  (boots unavailable)
Stlth    ++........             h - amulet of reflection
HPRegen  0.11/turn              (no ring)
MPRegen  0.12/turn              (no ring)

@: paralysed, flying quickly and evasively, quick
A: beak, talons 3, able to fly
a: Stop Flying, Renounce Religion


You were on level 4 of the Dungeon.
You worshipped Vehumet.
Vehumet was aware of your devotion.
You were hungry.

You visited 1 branch of the dungeon, and saw 4 of its levels.
You also visited: Ossuary.

You collected 145 gold pieces.

Inventory:

Hand Weapons
 f - a +1 hand axe of venom
 v - a +0 quarterstaff (weapon)
Missiles
 k - 8 silver javelins (quivered)
Armour
 a - a +0 robe (worn)
 l - a +0 pair of gloves (worn)
 r - a +2 kite shield
 y - a scarf of harm (worn)
Jewellery
 h - an amulet of reflection (around neck)
Scrolls
 e - 2 scrolls of remove curse
 g - 2 scrolls of teleportation
 i - 3 scrolls of enchant armour
 m - a scroll of amnesia {unknown}
 q - a scroll of enchant weapon {unknown}
 s - 2 scrolls of random uselessness {unknown}
 w - 4 scrolls of immolation {unknown}
 x - 4 scrolls of noise
Potions
 b - a potion of flight {unknown}
 d - 2 potions of mutation {unknown}
 j - 2 potions of curing {unknown}
 n - 2 potions of resistance {unknown}
 o - 2 potions of brilliance
 p - 2 potions of stabbing {unknown}
 t - a potion of magic
 u - a potion of heal wounds {unknown}
 z - a potion of ambrosia {unknown}
Comestibles
 c - 7 rations


   Skills:
 * Level 1.4 Fighting
 * Level 1.1 Staves
 * Level 2.1 Armour
 * Level 3.0 Dodging
 - Level 2.2 Stealth
 * Level 3.2 Spellcasting
 * Level 3.4 Conjurations
 * Level 5.9 Air Magic


You had 2 spell levels left.
You knew the following spells:

 Your Spells              Type           Power        Failure   Level  Hunger
a - Shock                 Conj/Air       ###.         2%          1    None
b - Swiftness             Chrm/Air       ##......     8%          2    ##.....
c - Static Discharge      Conj/Air       ###.....     8%          3    ###....
d - Mephitic Cloud        Conj/Pois/Air  ##......     14%         3    ###....

Your spell library contained the following spells:

 Spells                   Type           Power        Failure   Level  Hunger
 Sandblast                Erth           #.....       17%         1    None
 Magic Dart               Conj           ##..         4%          1    None
 Blink                    Tloc           N/A          26%         2    ##.....
 Call Imp                 Summ           #.......     26%         2    ##.....
 Slow                     Hex            #.......     26%         2    ##.....
 Airstrike                Air            ###.......   14%         4    ####...
 Conjure Flame            Conj/Fire      #.......     26%         3    ###....
 Lightning Bolt           Conj/Air       ###.......   56%         5    ######.


Dungeon Overview and Level Annotations

Branches:
Dungeon (4/15)            Ossuary (visited)
 Temple: D:4-7

Altars:
Cheibriados
Dithmenos
Fedhas
Nemelex Xobeh
Qazlal
Vehumet

Annotations:
D:4 Grinder


Innate Abilities, Weirdness & Mutations

You have a beak for a mouth.
You have claws for feet.
You can fly continuously.


Message History

Grinder is almost dead.
Grinder hits you.
* * * LOW HITPOINT WARNING * * *
You writhe in agony.
* * * LOW HITPOINT WARNING * * *
Grinder hits you but does no damage.
Okay, then.
Okay, then.
Casting: Shock (safe; 2% risk of failure)
Confirm with . or Enter, or press ? or * to list all spells.
Aiming: Shock (safe; 2% risk of failure)
Press: ? - help, Shift-Dir - straight line The zap hits Grinder.
Grinder is almost dead.
The zap hits Grinder.
Grinder is almost dead.
Grinder gestures at you.
You suddenly lose the ability to move!
Grinder hits you.
You die...

.#.# .#.# .#.# !#.## .
.#..# #.. .##.# ##....
.##.# ####...... ..#.#
####.†5...... ..#.#
####....@....##
....#####........#####
.#..##.............##
.##....>.............#
.##.....##.>...........
..#...###..............
.....## #..............
...>..# ##.............
......# #...[.......


You could see Grinder.

Vanquished Creatures
  A centaur zombie (Ossuary)
  A hound (D:4)
  Jessica (D:3)
  3 big kobold zombies (Ossuary)
  3 mummies (Ossuary)
  2 adders
  3 gnolls (D:3)
  An adder skeleton (D:4)
  2 worms
  3 dart slugs
  A leopard gecko (D:3)
  6 orcs (D:3)
  A giant cockroach (D:4)
  7 goblins
  7 hobgoblins
  6 jackals
  7 kobolds
  2 quokkas (D:4)
  5 ball pythons
  11 bats
  4 frilled lizards
  A goblin zombie (Ossuary)
  3 kobold zombies (Ossuary)
  3 rats
84 creatures vanquished.

Notes
Turn   | Place    | Note
-------+----------+-------------------------------------------
     0 | D:1      | Allula97 the Tengu Air Elementalist began the quest for the
                  | Orb.
     0 | D:1      | Reached XP level 1. HP: 10/10 MP: 4/4
   210 | D:1      | Reached XP level 2. HP: 12/15 MP: 0/6
   305 | D:1      | Learned a level 2 spell: Swiftness
   482 | D:1      | Reached XP level 3. HP: 19/19 MP: 0/7
   567 | D:1      | Learned a level 3 spell: Static Discharge
  1049 | D:2      | Reached skill level 1 in Armour
  1107 | D:2      | Found a blossoming altar of Fedhas.
  1107 | D:2      | Found a radiant altar of Vehumet.
  1115 | D:2      | Became a worshipper of Vehumet
  1376 | D:2      | Found a shadowy altar of Dithmenos.
  1696 | D:2      | Found a sparkling altar of Nemelex Xobeh.
  1767 | D:3      | Reached skill level 5 in Air Magic
  1790 | D:3      | Reached XP level 4. HP: 24/24 MP: 2/8
  1927 | D:3      | Found a snail-covered altar of Cheibriados.
  2029 | D:3      | Noticed Jessica
  2040 | D:3      | Killed Jessica
  2040 | D:3      | Gained mutation: You can fly continuously. [Tengu growth]
  2040 | D:3      | Reached XP level 5. HP: 28/28 MP: 2/10
  2263 | D:3      | Found a shadowy altar of Dithmenos.
  2324 | D:3      | Learned a level 3 spell: Mephitic Cloud
  2573 | D:4      | Reached * piety under Vehumet
  2573 | D:4      | Offered knowledge of Sandblast by Vehumet.
  2677 | D:4      | Found a sand-covered staircase.
  2687 | Ossuary  | Entered an ossuary
  2711 | Ossuary  | Reached skill level 1 in Fighting
  2730 | Ossuary  | Reached XP level 6. HP: 27/34 MP: 8/11
  2827 | Ossuary  | Reached skill level 1 in Staves
  3050 | D:4      | Found a stormy altar of Qazlal.
  3178 | D:4      | Noticed Grinder
  3193 | D:4      | Paralysed by Grinder for 2 turns
  3194 | D:4      | Slain by Grinder

Illustrated notes

Levels and vault maps discovered:
D:1:      giann_horns, layout_basic, serial_glass, glass_columns_a,
          glass_columns_c
D:2:      layout_loops_ring, lemuel_round_altar,
          chequers_temple_overflow_statue_of_worship, grunt_dithmenos_smoke
D:3:      layout_loops_ring, lemuel_doored_altar, first_ration,
          hangedman_decor_growths, cheibriados_altar_1, uniq_jessica
D:4:      kennysheep_six_static_rooms, layout_cave_pods,
          nicolae_qazlal_eye_of_the_storm, enter_ossuary_3, uniq_menkaure,
          uniq_grinder

Skill      XL: |  1  2  3  4  5  6 |
---------------+-------------------+-----
Armour         | 1 2 |  2.1
Air Magic      | 5 |  5.9
Conjurations   | 2 3 |  3.4
Fighting       | 1 |  1.4
Spellcasting   | 3 |  3.2
Staves         | 1 |  1.1
Dodging        | 3 |  3.0
Stealth        | |  2.2

Action                   |  1- 3 |  4- 6 || total
-------------------------+-------+-------++-------
Melee: Unarmed           |    17 |       ||    17
       Kick              |     4 |     9 ||    13
       Peck              |     3 |     9 ||    12
       Hand axe          |     7 |    16 ||    23
       Quarterstaff      |       |    33 ||    33
 Cast: Shock             |    70 |    87 ||   157
       Static Discharge  |       |     1 ||     1
 Abil: Fly               |       |     1 ||     1
  Use: Scroll            |       |     9 ||     9
  Eat: Chunk             |     4 |     4 ||     8
Armor: Robe              |     3 |     7 ||    10
Dodge: Dodged            |    20 |    37 ||    57
Block: Other             |     2 |    13 ||    15
